[Event "Szczawno Festival IM 2018"]
[Site "Szczawno"]
[Date "2018.12.19"]
[Round "6"]
[White "Simantsev, Mikhail"]
[Black "Sliwicka, Alicja"]
[Result "1/2-1/2"]
[ECO "D20"]
[WhiteElo "2404"]
[BlackElo "2236"]
[Annotator "ChessBase"]
[PlyCount "119"]
[EventDate "2018.12.14"]
[EventType "tourn"]
[EventCountry "POL"]
[SourceTitle "playchess.com"]
[Source "ChessBase"]
[SourceQuality "1"]
[TimeControl "40/5400+30:900+30"]

1. d4 d5 2. c4 dxc4 3. e4 c5 4. d5 Nf6 5. Nc3 b5 6. Bf4 Qa5 7. f3 Na6 8. a4 b4 9. Nb5 g5 10. Be5 Rg8 11. Bxf6 exf6 12. Bxc4 Nc7 13. Ne2 a6 14. d6 axb5 15. dxc7 Qxc7 16. Qd5 Ra7 17. Bxb5+ Bd7 18. Bc4 Be6 19. Bb5+ Bd7 20. O-O Bd6 21. Bxd7+ Qxd7 22. Rfd1 Ke7 23. e5 fxe5 24. Ng3 Rg6 25. b3 Rc7 26. Qc4 g4 27. Kh1 gxf3 28. gxf3 Qh3 29. Rg1 Rh6 30. Rg2 Rf6 31. Rd1 Qe6 32. Rd5 Rxf3 33. Rgd2 Rd7 34. Qh4+ Qf6 35. Qxf6+ Rxf6 36. Ne4 Rg6 37. h3 f5 38. Nxd6 Rgxd6 39. Rxe5+ Kf6 40. Rxd6+ Rxd6 41. Rxc5 Rd3 42. Kg2 Rxb3 43. Rb5 Kg5 44. a5 Rb2+ 45. Kg3 Rb3+ 46. Kg2 Ra3 47. Rxb4 Rxa5 48. h4+ Kh5 49. Kg3 Ra1 50. Rb5 Ra3+ 51. Kf4 Kxh4 52. Rxf5 Ra1 53. Ke3 Kg4 54. Rf7 h5 55. Kf2 h4 56. Kg2 Ra2+ 57. Rf2 h3+ 58. Kg1 h2+ 59. Rxh2 Rxh2 60. Kxh2 1/2-1/2

[Event "Szczawno Festival IM 2018"]
[Site "Szczawno"]
[Date "2018.12.19"]
[Round "6"]
[White "Sergeev, Vladimir"]
[Black "Fus, Jakub"]
[Result "1/2-1/2"]
[ECO "A47"]
[WhiteElo "2402"]
[BlackElo "2265"]
[Annotator "ChessBase"]
[PlyCount "165"]
[EventDate "2018.12.14"]
[EventType "tourn"]
[EventCountry "POL"]
[SourceTitle "playchess.com"]
[Source "ChessBase"]
[SourceQuality "1"]
[TimeControl "40/5400+30:900+30"]

1. d4 Nf6 2. Nf3 b6 3. Bf4 Bb7 4. e3 g6 5. Be2 Bg7 6. h3 O-O 7. O-O d6 8. a4 a6 9. c3 Nbd7 10. Nbd2 c5 11. Bh2 Ra7 12. Qb1 Qa8 13. Bd3 d5 14. Ne5 Nxe5 15. Bxe5 a5 16. Rd1 Bh6 17. Bb5 Bc6 18. Qd3 Nd7 19. Bg3 Bg7 20. Nf3 c4 21. Bxc6 Qxc6 22. Qc2 f5 23. Nd2 Rc8 24. b3 cxb3 25. Qxb3 Rb7 26. Rab1 Nf6 27. Rdc1 Ne4 28. Nxe4 fxe4 29. Kf1 e6 30. Ke1 Bf6 31. Qb5 Qc4 32. Rb3 Kf7 33. Rcb1 Bd8 34. Kd2 Qxb5 35. Rxb5 Rd7 36. f3 exf3 37. gxf3 Rc4 38. Ra1 Bc7 39. Bf2 e5 40. Kd3 Rc6 41. e4 Rf6 42. Ke2 exd4 43. cxd4 Rc6 44. Ra2 Rc3 45. Be3 Ke6 46. Kd2 Rc6 47. Kd3 Bd8 48. Re2 Rc8 49. exd5+ Kf7 50. Bf4 g5 51. Be5 Rc1 52. d6 Ra1 53. Kc4 Rxa4+ 54. Kd5 Ra7 55. f4 Ra3 56. fxg5 Rf3 57. Rc2 a4 58. Rbb2 a3 59. Rf2 Ra5+ 60. Kc6 Rxf2 61. Rxf2+ Ke6 62. Re2 a2 63. d5+ Kf5 64. h4 a1=Q 65. Bxa1 Rxa1 66. Re8 Ra8 67. Kb7 Ra5 68. Rxd8 Rxd5 69. Kxb6 Rd1 70. Kc7 Rc1+ 71. Kd7 Kg4 72. Rh8 Kxh4 73. Rxh7+ Kxg5 74. Rf7 Kg6 75. Rf2 Ra1 76. Ke7 Re1+ 77. Kd8 Rc1 78. d7 Kg7 79. Rf4 Rc2 80. Ke7 Re2+ 81. Kd6 Rd2+ 82. Ke6 Rd1 83. Rf5 1/2-1/2

[Event "Szczawno Festival IM 2018"]
[Site "Szczawno"]
[Date "2018.12.19"]
[Round "6"]
[White "Pacan-Milej, Kosma"]
[Black "Chylewski, Patryk"]
[Result "1/2-1/2"]
[ECO "A40"]
[WhiteElo "2334"]
[BlackElo "2268"]
[Annotator "ChessBase"]
[PlyCount "50"]
[EventDate "2018.12.14"]
[EventType "tourn"]
[EventCountry "POL"]
[SourceTitle "playchess.com"]
[Source "ChessBase"]
[SourceQuality "1"]
[TimeControl "40/5400+30:900+30"]

1. d4 Nf6 2. c4 e6 3. g3 d5 4. Nf3 Bb4+ 5. Bd2 Bd6 6. Nc3 Nc6 7. Bg2 O-O 8. cxd5 exd5 9. Bg5 Be6 10. O-O Be7 11. Ne5 Nxe5 12. dxe5 Ng4 13. Bxe7 Qxe7 14. Nxd5 Bxd5 15. Qxd5 c6 16. Qd4 Nxe5 17. Rad1 Rfd8 18. Qe3 Ng6 19. Be4 Kf8 20. Qf3 Kg8 21. Bc2 Rxd1 22. Rxd1 Rd8 23. Rxd8+ Qxd8 24. Bb3 Qe7 25. Qf5 Nf8 1/2-1/2

[Event "Szczawno Festival IM 2018"]
[Site "Szczawno"]
[Date "2018.12.19"]
[Round "6"]
[White "Tejaswini, Sagar"]
[Black "Krzywda, Andrzej"]
[Result "0-1"]
[ECO "B81"]
[WhiteElo "2177"]
[BlackElo "2178"]
[Annotator "NA"]
[PlyCount "62"]
[EventDate "2018.12.14"]
[EventType "tourn"]
[EventCountry "POL"]
[SourceTitle "playchess.com"]
[Source "ChessBase"]
[SourceQuality "1"]
[TimeControl "40/5400+30:900+30"]

1. e4 c5 2. Nf3 e6 3. d4 cxd4 4. Nxd4 Nf6 5. Nc3 d6 6. g4 h6 7. g5 hxg5 8. Bxg5 Nc6 9. h4 Qb6 10. Nb3 a6 11. Qe2 Be7 {[%emt 0:09:10] B81: Sicilian Scheveningen: Keres Attack} (11... Qc7 12. O-O-O Bd7 13. Kb1 b5 14. a3 Rc8 15. h5 Be7 16. f4 Na5 17. e5 Nxb3 18. cxb3 dxe5 19. fxe5 {1-0 (36) Horvath,C (2515)-Tolnai,T (2495) Hungary 1992}) 12. O-O-O Qc7 13. Bg2 Bd7 14. f4 (14. h5 $14) 14... O-O-O 15. h5 Kb8 {[%emt 0:04:33] LiveBook: 6 Games} 16. Bf3 Rc8 17. Kb1 $146 ({Predecessor:} 17. Bh4 b5 18. Bf2 Be8 19. e5 Nd7 20. Nxb5 axb5 21. Qxb5+ Ka8 22. Qa6+ Kb8 23. Bxc6 {1-0 (23) Rogulj,B (2380)-Kiefer,G (2235) Balatonbereny 1986}) 17... Rhd8 ({Black should try} 17... Ne8 $14) 18. Rhe1 Na5 (18... Ne8 $142) 19. Nxa5 Qxa5 20. Rg1 $2 (20. e5 $16 {stays on course.} Rxc3 21. bxc3) 20... Rxc3 21. bxc3 Bb5 22. Qe3 Rc8 23. Kb2 $2 {[%emt 0:07:33] [#]} (23. Bxf6 Bxf6 24. e5 Rxc3 25. Qd4) 23... d5 $1 24. a4 {[%emt 0:01:44] [#]} Ba3+ $1 25. Kxa3 Rxc3+ 26. Qxc3 Qxc3+ 27. Ka2 Bc4+ 28. Kb1 Qa3 29. Rg2 Qxf3 30. Rdg1 Nxe4 31. h6 Qa3 0-1

[Event "Szczawno Festival IM 2018"]
[Site "Szczawno"]
[Date "2018.12.19"]
[Round "7"]
[White "Karpus, Michal"]
[Black "Simantsev, Mikhail"]
[Result "0-1"]
[ECO "C92"]
[WhiteElo "2355"]
[BlackElo "2404"]
[Annotator "ChessBase"]
[PlyCount "112"]
[EventDate "2018.12.14"]
[EventType "tourn"]
[EventCountry "POL"]
[SourceTitle "playchess.com"]
[Source "ChessBase"]
[SourceQuality "1"]
[TimeControl "40/5400+30:900+30"]

1. e4 e5 2. Nf3 Nc6 3. Bb5 a6 4. Ba4 Nf6 5. O-O Be7 6. Re1 b5 7. Bb3 d6 8. c3 O-O 9. h3 Bb7 10. d4 Re8 11. Nbd2 exd4 12. cxd4 Nd7 13. Nf1 Na5 14. Bc2 Bf6 15. Rb1 c5 16. d5 Nc4 17. b3 Nce5 18. N3h2 a5 19. Ng3 Nb6 20. Rf1 g6 21. f4 Ned7 22. Ng4 Bg7 23. f5 Qh4 24. Bf4 Ne5 25. Nh2 b4 26. Ne2 Ba6 27. Qd2 Qd8 28. Rf2 c4 29. Bg5 Qc7 30. f6 Bh8 31. Nd4 Nbd7 32. Bh4 Qc5 33. Ng4 Nxg4 34. hxg4 Ne5 35. g5 c3 36. Qd1 Bc8 37. Kh1 Bg4 38. Nf3 h6 39. gxh6 Bxf6 40. Qf1 Bxh4 41. Nxh4 Qe3 42. Rf4 Qg3 43. Qf2 Qxf2 44. Rxf2 Kh7 45. Rf6 Rad8 46. Nf3 Bxf3 47. gxf3 Re7 48. Rf4 Kxh6 49. Rg1 Kg7 50. Rg3 Rh8+ 51. Kg2 Ree8 52. Rh3 Rxh3 53. Kxh3 Rh8+ 54. Kg2 f6 55. Kg1 g5 56. Rf5 Ng6 0-1

[Event "Szczawno Festival IM 2018"]
[Site "Szczawno"]
[Date "2018.12.19"]
[Round "7"]
[White "Chylewski, Patryk"]
[Black "Tejaswini, Sagar"]
[Result "0-1"]
[ECO "C54"]
[WhiteElo "2268"]
[BlackElo "2177"]
[Annotator "NA"]
[PlyCount "82"]
[EventDate "2018.12.14"]
[EventType "tourn"]
[EventCountry "POL"]
[SourceTitle "playchess.com"]
[Source "ChessBase"]
[SourceQuality "1"]
[TimeControl "40/5400+30:900+30"]

1. e4 e5 2. Nf3 Nc6 3. d4 exd4 4. Bc4 Bc5 5. c3 Nf6 6. e5 d5 $1 7. Be2 {[%emt 0:00:07] C54: Giuoco Piano: 4 c3 Nf6, main lines with 5 d4 and 5 d3} Ne4 8. cxd4 Bb6 9. O-O O-O 10. Be3 Be6 11. Nc3 f6 {[%emt 0:03:30] LiveBook: 6 Games} 12. exf6 Qxf6 13. Rc1 {[%emt 0:09:46] [#]} Rae8 $146 ({Predecessor:} 13... Rad8 14. h3 h6 {0-1 (33) Jones,G (2661)-Caruana,F (2839) London 2014}) 14. Na4 Kh8 15. Nxb6 axb6 16. Qb3 Rd8 17. Qd1 h6 18. b4 Rc8 19. Qb3 Nd6 $11 20. a4 Nf5 21. Qc3 Nd6 22. b5 Na5 23. Ne5 Nac4 24. Bd3 Bf5 25. Bf4 Ne4 26. Qc2 Nxe5 27. Bxe5 Qg5 28. f4 Qe7 29. Bxe4 Bxe4 30. Qe2 Kh7 31. Rc3 c5 32. Rg3 g6 33. Rh3 cxd4 34. Bxd4 Rc2 35. Qxc2 Bxc2 36. Re3 Be4 37. Rc1 Rxf4 38. Rec3 Rf7 39. Rc8 g5 40. Bxb6 Qf6 41. a5 Qb2 0-1

[Event "Szczawno Festival IM 2018"]
[Site "Szczawno"]
[Date "2018.12.19"]
[Round "7"]
[White "Fus, Jakub"]
[Black "Pacan-Milej, Kosma"]
[Result "1-0"]
[ECO "A57"]
[WhiteElo "2265"]
[BlackElo "2334"]
[Annotator "NA"]
[PlyCount "87"]
[EventDate "2018.12.14"]
[EventType "tourn"]
[EventCountry "POL"]
[SourceTitle "playchess.com"]
[Source "ChessBase"]
[SourceQuality "1"]
[TimeControl "40/5400+30:900+30"]

1. d4 Nf6 2. c4 c5 3. d5 b5 4. cxb5 a6 5. e3 axb5 6. Bxb5 Qa5+ 7. Nc3 Bb7 8. Bd2 Qb6 9. Nf3 Nxd5 {[%emt 0:00:19] LiveBook: 63 Games} 10. a4 Nb4 11. O-O g6 12. e4 Bg7 $1 13. Bf4 N8c6 14. Rc1 Rc8 15. Re1 $14 O-O 16. Nd5 Nxd5 17. exd5 Nb4 18. d6 Bxf3 19. Qxf3 exd6 20. b3 Rce8 21. Rxe8 Rxe8 22. Bxd7 Rd8 23. Bb5 Qc7 24. Qe4 Na2 25. Re1 h6 26. Bc4 Kh7 27. h4 Nc3 28. Qc2 Qb7 29. h5 d5 30. Bd3 Qc6 31. hxg6+ fxg6 32. Be5 d4 33. Bxg7 Kxg7 34. Bxg6 Qf6 35. Bd3 Rd5 36. Bc4 Re5 37. Rxe5 Qxe5 38. g3 Qe1+ 39. Kg2 Qe5 40. a5 h5 41. Qd3 Nd5 42. Qe2 Qg5 43. Qf3 Nf6 44. a6 1-0

[Event "Szczawno Festival IM 2018"]
[Site "Szczawno"]
[Date "2018.12.20"]
[Round "8"]
[White "Simantsev, Mikhail"]
[Black "Krzywda, Andrzej"]
[Result "1-0"]
[ECO "E14"]
[WhiteElo "2404"]
[BlackElo "2178"]
[Annotator "ChessBase"]
[PlyCount "103"]
[EventDate "2018.12.14"]
[EventType "tourn"]
[EventCountry "POL"]
[SourceTitle "playchess.com"]
[Source "ChessBase"]
[SourceQuality "1"]
[TimeControl "40/5400+30:900+30"]

1. d4 Nf6 2. c4 e6 3. Nf3 b6 4. e3 Bb7 5. Bd3 c5 6. O-O Be7 7. Nc3 cxd4 8. exd4 O-O 9. d5 Na6 10. Bf4 Nh5 11. Be3 Qb8 12. Qd2 f5 13. Rfe1 Nc5 14. Bc2 Bd6 15. Bd4 Nf4 16. b4 Na6 17. a3 Ng6 18. Nb5 Bf4 19. Qc3 Nc7 20. Nxc7 Qxc7 21. Bxg7 Rfc8 22. Qb2 Bxd5 23. cxd5 Qxc2 24. dxe6 Qxb2 25. Bxb2 dxe6 26. Rxe6 Rc2 27. Bd4 Rc1+ 28. Rxc1 Bxc1 29. a4 Ba3 30. b5 Nf4 31. Re5 Rc8 32. Be3 Ne2+ 33. Kf1 Nc3 34. Rxf5 Nxa4 35. Rg5+ Kf8 36. Rh5 Kg8 37. Ng5 Rc7 38. Ne4 Bb2 39. g4 Rc4 40. f3 Rc2 41. h4 Nc3 42. Nf6+ Kg7 43. g5 Ne2 44. Rxh7+ Kg6 45. h5+ Kf5 46. Ne4 Bd4 47. Bxd4 Nxd4 48. Rf7+ Ke6 49. g6 Nf5 50. Rxf5 Kxf5 51. g7 Rc8 52. Nd6+ 1-0

[Event "Szczawno Festival IM 2018"]
[Site "Szczawno"]
[Date "2018.12.20"]
[Round "8"]
[White "Sergeev, Vladimir"]
[Black "Karpus, Michal"]
[Result "0-1"]
[ECO "A06"]
[WhiteElo "2402"]
[BlackElo "2355"]
[Annotator "NA"]
[PlyCount "158"]
[EventDate "2018.12.14"]
[EventType "tourn"]
[EventCountry "POL"]
[SourceTitle "playchess.com"]
[Source "ChessBase"]
[SourceQuality "1"]
[TimeControl "40/5400+30:900+30"]

1. Nf3 d5 2. g3 g6 3. c4 e6 4. Bg2 Bg7 5. O-O {[%emt 0:00:24] A13: English Opening: 1...e6} Nf6 6. Qc2 O-O 7. b3 b6 8. Bb2 Bb7 9. d4 {[%emt 0:00:39] LiveBook: 4 Games} Na6 10. Nbd2 c5 $146 ({Predecessor:} 10... Rc8 11. Rad1 Qe7 12. Qb1 Rfd8 13. Ne5 c5 14. Qa1 cxd4 15. Bxd4 {½-½ (36) Sirosh,I (2380)-Cruz,C (2571) Batumi 2018}) 11. dxc5 bxc5 12. Ne5 Qb6 13. e3 Nb4 14. Qb1 a5 15. a3 Na6 16. Qc2 Rfd8 17. cxd5 exd5 18. Rfd1 Rab8 19. Rac1 Bc8 20. e4 d4 21. Ndc4 Qc7 22. Re1 Be6 23. Bf1 Ne8 24. Nd3 Nd6 25. Nf4 Bxc4 26. Bxc4 Nxc4 {[%emt 0:00:23] Pin} 27. Qxc4 Qb7 28. Rb1 Qb5 29. Ba1 {[%emt 0:16:25] [#]} a4 $1 30. Qxb5 (30. Rec1 $17 {was worth a try.}) 30... Rxb5 31. bxa4 {[%emt 0:00:10] [#]} Rxb1 $1 32. Rxb1 c4 33. Rc1 d3 34. e5 Nc5 35. Bc3 Ne4 36. Ba5 c3 37. Nxd3 Rxd3 38. Kf1 Bxe5 39. Ke2 Nc5 40. Rc2 Rd2+ 41. Rxd2 cxd2 42. Bxd2 Nxa4 43. Kd3 Kg7 44. Kc4 Kf6 45. Kb3 (45. f4 $142 Ba1 46. Kb4) 45... Nb6 46. Be3 Nc8 47. a4 Ke6 48. Kc4 Bc7 49. h3 Nb6+ 50. Kb5 Nxa4 51. Kxa4 Kd5 52. Kb5 Be5 53. f3 Bxg3 54. Kb4 {[%emt 0:00:01] [#]} Be1+ $1 55. Kb3 Ba5 56. Kc2 Kc4 57. Bf2 f5 (57... f6 $19 {and Black stays clearly on top.} 58. Be3 g5) 58. Be3 Bb4 59. Bf2 {[%emt 0:03:25] [#]} (59. Bh6 $17) 59... g5 $1 60. Be3 h6 61. Bb6 f4 62. Ba7 Ba5 63. Bf2 Bc3 64. Bb6 Bb4 65. Bf2 Bc5 66. Be1 h5 67. Bd2 $19 (67. Bc3 $17) 67... Bb4 68. Bc1 Kd4 69. Kd1 Kd3 70. h4 gxh4 71. Bxf4 h3 72. Bh2 Ke3 73. f4 Kf2 74. f5 Kg2 75. Ke2 Kxh2 76. Kf1 Bc3 77. Kf2 Bd4+ 78. Kf1 Kg3 79. f6 h2 0-1

[Event "Szczawno Festival IM 2018"]
[Site "Szczawno"]
[Date "2018.12.20"]
[Round "8"]
[White "Pacan-Milej, Kosma"]
[Black "Sliwicka, Alicja"]
[Result "0-1"]
[ECO "A46"]
[WhiteElo "2334"]
[BlackElo "2236"]
[Annotator "NA"]
[PlyCount "54"]
[EventDate "2018.12.14"]
[EventType "tourn"]
[EventCountry "POL"]
[SourceTitle "playchess.com"]
[Source "ChessBase"]
[SourceQuality "1"]
[TimeControl "40/5400+30:900+30"]

1. d4 Nf6 2. Nf3 d6 3. c4 Nbd7 4. Nc3 e5 5. g3 Be7 6. Bg2 O-O 7. O-O c6 8. Qc2 Re8 9. h3 Bf8 10. e4 a6 11. Be3 {[%emt 0:08:33] LiveBook: 11 Games A55: Old Indian Defence with Nf3 and e4} (11. d5 cxd5 12. cxd5 b5 13. Be3 Nb6 14. Nd2 Bd7 15. Rfc1 Qb8 16. b3 Rc8 17. a3 Be7 18. Qd3 Bd8 {½-½ (81) Belous,V (2554)-Onischuk,V (2574) Taganrog 2013}) 11... b5 12. cxb5 axb5 13. Rfd1 Qa5 $146 ({Predecessor:} 13... Bb7 14. a3 Qb8 15. Rac1 Rc8 16. Qb3 h6 17. Nh4 exd4 18. Bxd4 Nc5 {1-0 (37) Horvath,T-Demeny,A (2145) Hungary 2004}) 14. dxe5 dxe5 15. Nd2 Nc5 16. Ne2 b4 17. Nc1 Be6 18. Ncb3 Nxb3 19. Nxb3 Qa4 20. Bg5 c5 21. Bxf6 gxf6 22. Rdc1 c4 23. Nd2 Qxc2 24. Rxc2 b3 25. Rcc1 Rxa2 26. Bf1 c3 27. Rxa2 $19 cxd2 0-1

[Event "Szczawno Festival IM 2018"]
[Site "Szczawno"]
[Date "2018.12.20"]
[Round "8"]
[White "Chylewski, Patryk"]
[Black "Fus, Jakub"]
[Result "0-1"]
[ECO "A13"]
[WhiteElo "2268"]
[BlackElo "2265"]
[Annotator "NA"]
[PlyCount "80"]
[EventDate "2018.12.14"]
[EventType "tourn"]
[EventCountry "POL"]
[SourceTitle "playchess.com"]
[Source "ChessBase"]
[SourceQuality "1"]
[TimeControl "40/5400+30:900+30"]

1. c4 e6 2. Nc3 Bb4 3. e4 c5 4. Nb5 Nc6 5. a3 Ba5 6. Nd6+ (6. b4 $5 cxb4 7. Bb2 $11) 6... Kf8 7. b4 cxb4 (7... Qf6 $1 $11 8. Rb1 cxb4) 8. Bb2 f6 9. Nf3 ({Much weaker is} 9. Qh5 Qe7 $15) 9... Qe7 10. Nxc8 Rxc8 11. Be2 bxa3 12. Bxa3 Bb4 13. Bxb4 Qxb4 14. O-O Nge7 {[%emt 0:03:52] [#]} 15. d4 $1 Kf7 16. Rb1 Qa5 17. Rxb7 Rhd8 18. d5 Nb8 19. Nd4 e5 (19... Kg8 {might work better.} 20. Qa1 Qxa1 21. Rxa1 exd5) 20. Nb5 Kf8 21. Rxa7 Qb6 22. Qd3 Qc5 23. Qh3 h6 24. Qg4 Qb6 25. h4 g5 26. g3 Kg7 27. Kg2 Rg8 28. f4 exf4 29. gxf4 Ng6 30. hxg5 hxg5 31. e5 gxf4 $18 (31... Nh4+ $16 32. Kh2 Rh8 33. exf6+ Qxf6) 32. Rxf4 fxe5 33. Rf3 Rcf8 34. Rxd7+ Nxd7 35. Qxd7+ Kh8 36. c5 Nf4+ {[%emt 0:00:41] Discovered Attack (Double check)} 37. Kf1 Rg1+ 38. Kxg1 Qg6+ 39. Kf2 Qg2+ 40. Ke3 Qxe2# {[%emt 0:00:00] Kd4} 0-1

[Event "Szczawno Festival IM 2018"]
[Site "Szczawno"]
[Date "2018.12.20"]
[Round "8"]
[White "Tejaswini, Sagar"]
[Black "Kislinsky, Alexey"]
[Result "1-0"]
[ECO "B01"]
[WhiteElo "2177"]
[BlackElo "2425"]
[Annotator "NA"]
[PlyCount "49"]
[EventDate "2018.12.14"]
[EventType "tourn"]
[EventCountry "POL"]
[SourceTitle "playchess.com"]
[Source "ChessBase"]
[SourceQuality "1"]
[TimeControl "40/5400+30:900+30"]

1. e4 d5 2. exd5 Qxd5 3. Nc3 Qa5 4. d4 Nf6 5. Nf3 Bg4 6. h3 Bh5 7. g4 Bg6 8. Ne5 e6 9. h4 Bb4 10. Bd2 {[%emt 0:03:11] LiveBook: 27 Games B01: Scandinavian Defence} Be4 (10... Nbd7 11. Nc4 Qa6 12. h5 Bxc3 13. bxc3 Be4 14. f3 Bd5 15. Ne3 Qd6 16. Rh3 h6 17. c4 Bc6 {0-1 (48) Rublevsky,S (2702)-Munoz Pantoja,M (2441) Berlin 2015}) 11. Nxe4 $2 (11. Nc4 $18 {is the precise move to win.} Bxh1 12. Nxa5 Bxa5 13. f3) 11... Nxe4 12. c3 Be7 $2 (12... Nxd2 $16 13. Bg2 (13. Qxd2 Bd6 $14) (13. Kxd2 Bd6 $14) 13... Qb5) 13. Qf3 f5 $2 $146 ({Predecessor:} 13... Nd6 {might work better.} 14. c4 (14. Nxf7 Nxf7 15. Qxb7 O-O 16. Qxa8 Qb6 17. Qe4 Qxb2 18. Bd3 Qxa1+ 19. Ke2 {1-0 (19) Mladenov,A-Stoimenov,K (1799) Sofia 2009}) 14... Qa4) 14. gxf5 exf5 15. Qxf5 Nd6 16. Qe6 Rf8 17. Bg5 Rf6 18. Bxf6 gxf6 19. Nc4 Nxc4 20. Bxc4 Nd7 21. Qf7+ Kd8 22. Rg1 Nf8 23. Rg7 Bd6 24. Qxf6+ Kc8 25. Be6+ 1-0